 Dungeon Crawl Stone Soup version 0.19-a0-934-gf1df8d1 (webtiles) character file.

44 Leszczynek the Caller (level 3, 11/29 HPs)
             Began as a Draconian Summoner on July 7, 2016.
             Was an Initiate of Nemelex Xobeh.
             Quit the game on level 2 of the Dungeon.
             The game lasted 00:05:31 (2056 turns).

Leszczynek the Caller (Draconian Summoner)          Turns: 2056, Time: 00:05:32

Health: 11/29      AC:  5    Str: 14    XL:     3   Next: 41%
Magic:  2/6        EV: 12    Int: 15    God:    Nemelex Xobeh [......]
Gold:   123        SH:  0    Dex: 12    Spells: 3 memorised, 0 levels left

rFire  . . .     SeeInvis .     m - +0 short sword
rCold  . . .     Gourm    .     (armour unavailable)
rNeg   . . .     Faith    .     (no shield)
rPois  .         Spirit   .     (helmet restricted)
rElec  .         Dismiss  .     (no cloak)
rCorr  .         Reflect  .     (no gloves)
SustAt .         Harm     .     (no boots)
MR     .....                    (no amulet)
Stlth  ++........               (no ring)
                                d - +4 ring of strength

@: lethally poisoned (11 -> -3), flying, not resistant to hostile enchantments,
unstealthy
A: unfitting armour, cold-blooded, AC +5
a: Renounce Religion


You were on level 2 of the Dungeon.
You worshipped Nemelex Xobeh.
Nemelex Xobeh was noncommittal.
You were hungry.

You visited 1 branch of the dungeon, and saw 2 of its levels.

You collected 123 gold pieces.

Inventory:

Hand Weapons
 c - a +0 dagger
 m - a +0 short sword (weapon)
Jewellery
 d - a +4 ring of strength (left hand)
Scrolls
 e - a scroll of enchant weapon {unknown}
 g - a scroll of fog {unknown}
 k - a scroll of random uselessness {unknown}
 o - a scroll of teleportation {unknown}
 q - 3 scrolls of identify {unknown}
Books
 a - a book of Callings

   Spells                             Type                      Level
   a - Summon Small Mammal            Summoning                    1
   b - Call Imp                       Summoning                    2
   c - Call Canine Familiar           Summoning                    3
   d - Summon Guardian Golem          Hexes/Summoning              3
   e - Summon Lightning Spire         Summoning/Air                4
   f - Summon Ice Beast               Ice/Summoning                4
Miscellaneous
 j - a plain deck of escape
 r - a plain deck of destruction {drawn: 2}
Comestibles
 b - 3 bread rations
 f - a royal jelly
 i - a slice of pizza
 l - a meat ration
 n - a beef jerky


   Skills:
 - Level 2.0 Fighting
 - Level 2.1 Dodging
 - Level 1.7 Stealth
 - Level 2.0 Spellcasting
 - Level 4.0 Summonings
 + Level 2.1 Invocations


You couldn't memorise any spells.
You knew the following spells:

 Your Spells              Type           Power        Failure   Level  Hunger
a - Summon Small Mammal   Summ           ##..         4%          1    #......
b - Call Imp              Summ           ##......     8%          2    ###....
c - Call Canine Familiar  Summ           ##......     14%         3    ###....


Dungeon Overview and Level Annotations

Branches:
Dungeon (2/15)

Altars:
Nemelex Xobeh


Innate Abilities, Weirdness & Mutations

Your plain brown scales are hard. (AC +5)
Your body does not fit into most forms of armour.
You are cold-blooded and may be slowed by cold attacks.


Message History

The adder struggles to resist.
You feel sick.
Your hound completely misses the adder.
The adder bites you.
You are lethally poisoned!
The adder poisons you!
Your hound bites the adder but does no damage.
The adder closely misses you.
Your white imp misses the adder.
It was a potion of flight.
You feel very buoyant.
You fly up into the air.
You feel sick.
Your hound misses the adder. The adder misses you.
Your white imp gestures at the adder.
The puff of frost hits the adder.
Enter note: FOR FUCK'S SAKE
Enter note: so i can kill multiple adders and lose about 3 hp
Okay, then.
Enter note: and then one just kills me DESPITE SUMMONS AND INVOCATIONS
Enter note: wow Quiver which item? (- for none, * to show all) (? for menu, Esc to quit)
Okay, then.
Are you sure you want to abandon this character and quit the game? (Confirm with "yes".) .P............♣♣..♣..♣♣ P.P

.. ...P...(.......♣.P..♣♣.♣
..PP♣♣ ...(.♣P.........P♣P♣♣..P
♣.♣♣♣ ...♣..P♣P.....P..P♣.♣.♣♣.♣
♣.♣. ♣PP♣♣..P♣........♣♣.P♣.♣♣.♣
♣♣P♣
.♣♣P♣♣.♣.(....P♣♣♣P...♣♣♣♣.♣♣♣P♣.
.P♣..♣♣.♣P...♣♣♣P5..P...♣.♣.♣.♣.♣
♣..♣.♣♣.♣PP..P♣..S.......♣P♣.♣.♣P
..♣♣♣♣.♣P.PP....@h..........♣.♣.♣
♣♣♣♣♣g♣♣.♣.♣.P.........P.........
♣.♣♣.♣P♣♣♣♣....≈.♣≈♣≈P≈≈.♣....P..
..PP♣P♣.♣...≈.≈.≈≈≈≈♣≈P♣≈.♣♣.....
...♣...♣....♣♣≈≈♣≈≈♣≈≈≈♣≈≈P≈.....
♣........♣≈♣≈≈≈≈.≈..≈≈≈≈≈≈≈♣.P...
.P♣.♣......≈♣§§§≈≈≈♣≈≈♣≈♣≈.≈.....
♣♣♣♣P.♣..♣...§P♣≈≈♣≈P♣)♣....P....
♣♣.♣...♣.≈.§≈♣≈♣P♣....P[......


You could see an adder, a friendly hound and a friendly white imp.

Vanquished Creatures
  An adder (D:2)
  A dart slug (D:2)
  2 giant cockroaches
  3 goblins (D:2)
  5 hobgoblins
  A jackal (D:2)
  2 ball pythons
  A bat (D:2)
  2 giant newts (D:2)
  A kobold (D:1)
19 creatures vanquished.

Vanquished Creatures (collateral kills)
  An ooze (D:2)
  3 worms (D:2)
  A ball python (D:2)
  A bat (D:2)
  A goblin (D:2)
  2 hobgoblins
  2 kobolds
11 creatures vanquished.

Vanquished Creatures (others)
  3 plants (D:2)
3 creatures vanquished.

Grand Total: 33 creatures vanquished

Notes
Turn   | Place    | Note
-------+----------+-------------------------------------------
     0 | D:1      | Leszczynek the Draconian Summoner began the quest for the Orb.
     0 | D:1      | Reached XP level 1. HP: 14/14 MP: 3/3
   243 | D:1      | Reached skill level 2 in Dodging
   702 | D:1      | Found a sparkling altar of Nemelex Xobeh.
   706 | D:1      | Became a worshipper of Nemelex Xobeh the Trickster
   903 | D:2      | Reached skill level 1 in Fighting
   903 | D:2      | Reached XP level 2. HP: 23/23 MP: 5/5
   907 | D:2      | Learned a level 2 spell: Call Imp
  1057 | D:2      | Received a gift from Nemelex Xobeh
  1306 | D:2      | Reached skill level 1 in Invocations
  1516 | D:2      | Reached XP level 3. HP: 22/29 MP: 6/6
  1594 | D:2      | Learned a level 3 spell: Call Canine Familiar
  1617 | D:2      | Reached skill level 2 in Fighting
  1681 | D:2      | Received a gift from Nemelex Xobeh
  1739 | D:2      | Reached skill level 2 in Invocations
  2056 | D:2      | FOR FUCK'S SAKE
  2056 | D:2      | so i can kill multiple adders and lose about 3 hp
  2056 | D:2      | and then one just kills me DESPITE SUMMONS AND INVOCATIONS
  2056 | D:2      | wow
  2056 | D:2      | Quit the game

Vault maps used:
D:1:      matt_arrival_grand_opening, minmay_fountain_box,
          nemelex_diamond_rough_becter
D:2:      wad_woods_pond, minmay_misc_feat_square, kennysheep_generic_room_9

Skill      XL: |  1  2  3 |
---------------+----------+-----
Dodging        | 2 |  2.1
Fighting       | 1 2 |  2.0
Invocations    | 1 2 |  2.1
Stealth        | |  1.7
Spellcasting   | |  2.0
Summonings     | |  4.0

Action                   || total
-------------------------++-------
Melee: Dagger            ||    77
       Unarmed           ||     5
       Tailslap          ||    17
       Short sword       ||    30
 Cast: Summon Small Mamm ||     6
       Call Imp          ||     9
       Call Canine Famil ||     2
Evoke: Deck              ||     2
  Use: Potion            ||     1
  Eat: Chunk             ||     4
Armor: Skin              ||    26
Dodge: Dodged            ||    68
